Map: Catalyst LE

Players

Serral - Winner!

  • Race: Zerg Zerg
  • Spawn Location: 5:00

Trust

  • Race: Protoss Protoss
  • Spawn Location: 11:00

Event: IEM Season 12 - Katowice

VOD

Have the link to the VOD?

Description

Time

  • Played on: Feb. 26, 2018, 10:08 a.m.
  • Length: 8:50

All games in this series

Show
View Real Time Build Order
Export as new Build Order

Serral Zerg - Winner!

Build Orders: Hatch First 

Get SALT Encoding   

  12  0:00  Drone  
  13  0:13  Overlord  
  13  0:17  Drone  
  14  0:31  Drone x2  
  16  0:48  Hatchery  
  15  0:51  Drone  
  15  0:54  Drone  
  17  0:58  Drone  
  18  1:08  Extractor  
  17  1:13  Spawning Pool  
  17  1:16  Drone  
  17  1:20  Drone  
  18  1:29  Drone  
  19  1:38  Overlord  
  19  1:49  Drone  
  20  2:00  Queen, Zergling x2  
  20  2:01  Queen, Zergling x2  
  26  2:10  Metabolic Boost  
  26  2:12  Drone  
  27  2:16  Drone  
  28  2:23  Drone  
  28  2:28  Drone  
  30  2:32  Drone  
  31  2:41  Hatchery  
  30  2:47  Queen  
  32  2:52  Overlord  
  32  2:55  Zergling x2  
  32  2:57  Zergling x2  
  34  3:00  Zergling x2  
  35  3:05  Drone  
  35  3:10  Overlord  
  35  3:11  Drone x2  
  38  3:17  Drone x2  
  38  3:19  Drone  
  41  3:22  Spore Crawler  
  40  3:27  Queen  
  40  3:30  Drone  
  40  3:32  Drone  
  44  3:37  Overlord  
  44  3:44  Zergling x2  
  44  3:45  Drone x3  
  47  3:52  Lair  
  47  3:55  Drone x2  
  48  3:59  Spore Crawler  
  48  4:01  Drone  
  47  4:05  Overlord  
  47  4:06  Drone  
  47  4:07  Drone  
  49  4:11  Overlord  
  49  4:12  Drone  
  49  4:15  Drone  
  51  4:19  Overlord  
  51  4:20  Drone x2  
  53  4:28  Drone x4  
  53  4:29  Drone  
  58  4:34  Drone x2  
  58  4:38  Overlord  
  60  4:39  Extractor  
  60  4:40  Overlord, Extractor  
  60  4:43  Queen  
  60  4:51  Drone x5, Hydralisk Den  
  64  4:57  Overlord  
  64  4:58  Overlord  
  64  4:59  Drone x2  
  66  5:04  Drone x3  
  69  5:10  Overlord  
  69  5:13  Drone  
  70  5:20  Extractor, Hydralisk x3  
  75  5:25  Muscular Augments  
  75  5:28  Hydralisk  
  77  5:29  Overlord  
  77  5:32  Hydralisk, Zergling x2  
  77  5:33  Zergling x2  
  81  5:35  Extractor  
  81  5:39  Evolution Chamber  
  78  5:48  Hydralisk x3  
  78  5:49  Zergling x6  
  84  5:50  Drone  
  84  5:53  Drone  
  84  5:54  Drone  
  87  5:59  Drone, Overlord  
  87  6:01  Drone  
  89  6:04  Baneling Nest  
  89  6:07  Zerg Missile Weapons Level 1  
  89  6:08  Hydralisk  
  90  6:11  Zergling x4  
  90  6:15  Drone x2  
  90  6:18  Drone x3  
  95  6:25  Drone x3, Overlord  
  94  6:28  Drone  
  94  6:29  Drone  
  94  6:32  Overlord  
  98  6:38  Drone  
  98  6:39  Drone x3  
  101  6:46  Grooved Spines  
  101  6:50  Centrifical Hooks  
  100  6:57  Hydralisk x2  
  103  7:03  Hydralisk x3  
  109  7:11  Hydralisk x3  
  109  7:13  Hatchery  
  114  7:15  Zergling x2  
  114  7:16  Zergling x6  
  118  7:22  Hydralisk  
  118  7:23  Hydralisk x2, Zergling x2  
  118  7:28  Overlord  
  118  7:29  Zergling x6  
  128  7:35  Overlord  
  128  7:37  Hydralisk x2  
  128  7:38  Zergling x6  
  135  7:45  Overlord  
  135  7:46  Hydralisk  
  135  7:50  Baneling x14  
  136  7:53  Zergling x4  
  136  7:57  Zergling x8  
  142  8:04  Baneling  
  142  8:05  Baneling x4  
  142  8:06  Baneling x3  
  142  8:08  Zergling x12  
  148  8:18  Zergling x2  
  148  8:19  Zergling x6  
  151  8:22  Baneling x12  
  151  8:25  Zergling x12  
  157  8:28  Baneling x5  
  157  8:33  Zergling x8  
Show
View Real Time Build Order
Export as new Build Order

Trust Protoss 

Build Orders: 1 Gate Expand, Oracle Opening, Phoenix Opening, Zealot Archon 

Get SALT Encoding   

  12  0:00  Probe  
  13  0:12  Probe  
  14  0:20  Pylon  
  14  0:25  Probe  
  15  0:39  Probe (Chrono Boost)  
  15  0:41  Gateway  
  16  0:47  Probe (Chrono Boost)  
  16  0:48  Assimilator  
  17  0:53  Probe  
  18  1:05  Probe  
  19  1:17  Probe  
  20  1:26  Nexus  
  20  1:37  Cybernetics Core  
  20  1:40  Probe  
  20  1:46  Assimilator  
  21  1:52  Probe  
  22  1:56  Pylon  
  22  2:04  Probe  
  23  2:14  Adept (Chrono Boost), Stargate  
  23  2:18  Probe  
  26  2:23  Warp Gate  
  26  2:30  Probe  
  26  2:32  Adept (Chrono Boost)  
  29  2:38  Probe  
  29  2:42  Probe  
  31  2:50  Probe  
  31  2:51  Adept  
  32  2:54  Probe  
  35  3:02  Probe  
  36  3:07  Oracle (Chrono Boost)  
  39  3:13  Probe  
  39  3:15  Probe  
  39  3:19  Adept  
  43  3:26  Probe, Gateway  
  43  3:27  Pylon  
  44  3:35  Phoenix (Chrono Boost)  
  46  3:44  Probe x2  
  46  3:46  Assimilator  
  46  3:47  Assimilator  
  46  3:54  Oracle (Chrono Boost)  
  47  3:56  Probe x2  
  49  4:08  Probe x2  
  48  4:20  Probe x2  
  48  4:23  Robotics Facility  
  50  4:25  Twilight Council  
  50  4:33  Gateway  
  50  4:36  Gateway  
  50  4:37  Oracle (Chrono Boost)  
  52  4:41  Pylon  
  53  4:49  Probe (Chrono Boost)  
  54  4:56  Pylon  
  54  4:59  Probe  
  55  5:09  Templar Archives  
  55  5:10  Warp Prism  
  55  5:12  Zealot  
  55  5:13  Zealot  
  61  5:17  Probe x2  
  62  5:30  Adept  
  62  5:33  Zealot  
  62  5:34  Zealot  
  68  5:43  Nexus  
  68  5:56  Pylon  
  68  5:59  Pylon  
  68  6:06  Immortal (Chrono Boost)  
  68  6:09  Gateway  
  68  6:10  Gateway  
  68  6:11  Gateway x2  
  68  6:12  Charge (Chrono Boost)  
  68  6:17  High Templar x4  
  80  6:30  Archon x2  
  80  6:33  Pylon  
  80  6:34  Pylon  
  80  6:43  Immortal (Chrono Boost)  
  80  6:44  Pylon  
  84  6:55  High Templar  
  84  6:56  Zealot x2, High Templar  
  84  6:57  Probe x3  
  95  7:01  Archon  
  95  7:06  Pylon  
  95  7:07  Pylon  
  95  7:13  Immortal (Chrono Boost)  
  99  7:25  High Templar  
  99  7:26  Zealot, High Templar  
  99  7:27  Zealot x3  
  110  7:30  Zealot x2  
  110  7:31  Archon  
  113  7:53  Zealot x2  
  113  7:54  Zealot x4  
  123  8:03  Pylon  
  123  8:10  Observer  
  123  8:11  Zealot  
  125  8:15  Zealot x4, High Templar x2  
  125  8:17  Zealot  
  138  8:20  Archon  
  138  8:34  Zealot x2  
  123  8:46  Zealot x6  

Tags
 
Add a new tag
Caveats
  • Supply blocks, unpowered buildings, or Contaminate may cause inaccurate times.
  • Supply counts are checked every 10 seconds.